 Dungeon Crawl Stone Soup version 0.29.1-15-g9cfb28693d (webtiles) character file.

Game seed: 9822945793453161014

55030 cdecastro the Severer (level 14, -3/132 HPs)
             Began as a Hill Orc Fighter on Mar 1, 2023.
             Was an Elder of Makhleb.
             Slain by an ettin
             ... wielding a +0 dire flail
              (29 damage)
             ... on level 15 of the Dungeon on Mar 3, 2023.
             The game lasted 01:00:14 (21103 turns).

cdecastro the Severer (Hill Orc Fighter)           Turns: 21103, Time: 01:00:14

Health: -3/132     AC: 21    Str: 24    XL:     14   Next: 75%
Magic:  26/26      EV: 10    Int:  8    God:    Makhleb [****..]
Gold:   194        SH:  0    Dex: 16    Spells: 13/13 levels left

rFire   . . .      SeeInvis +   f - +1 battleaxe (flame)
rCold   . . .      Faith    .   (shield currently unavailable)
rNeg    . . .      Spirit   .   U - +4 scale mail {rPois}
rPois   +          Reflect  .   G - +2 hat
rElec   .          Harm     .   w - scarf {+Inv}
rCorr   .          Rampage  .   g - +2 pair of gloves
Will    +++..                   Z - +1 pair of boots
Stlth   ..........              (no amulet)
HPRegen 0.32/turn               T - ring of Wyikkegu {Will++ Dex+6 SInv Stlth-}
MPRegen 0.20/turn               j - +4 ring of slaying

@: no status effects
A: no striking features
a: Renounce Religion, Evoke Invisibility, Minor Destruction, Lesser Servant of
Makhleb, Major Destruction


You were on level 15 of the Dungeon.
You worshipped Makhleb.
Makhleb was greatly pleased with you.
You visited 2 branches of the dungeon, and saw 16 of its levels.
You also visited: Ossuary and Bailey.

You collected 1112 gold pieces.
You spent 918 gold pieces at shops.

Inventory:

Hand Weapons
 d - a +5 broad axe of flaming
 f - a +1 battleaxe of flaming (weapon)
 q - a +2 executioner's axe of venom
Missiles
 A - 11 javelins (quivered)
 M - 3 boomerangs
 O - 2 boomerangs of dispersal
Armour
 g - a +2 pair of gloves (worn)
 w - a scarf of invisibility (worn)
 G - a +2 hat (worn)
 N - the +5 ring mail "Eczoed" {rElec Regen+}
   (You found it in a bailey)

   rElec:     It insulates you from electricity.
   Regen:     It increases your rate of health regeneration.
 Q - the +1 pair of boots "Oruhoq" {rF- rCorr Int+6}
   (You bought it in a shop on level 7 of the Dungeon)

   Int:       It affects your intelligence (+6).
   rF:        It makes you vulnerable to fire.
   rCorr:     It protects you from acid and corrosion.
 U - a +4 scale mail of poison resistance (worn)
 V - a +1 plate armour of cold resistance
 Z - a +1 pair of boots (worn)
Jewellery
 e - a +4 ring of evasion
 i - a ring of wizardry
 j - a +4 ring of slaying (right hand)
 u - a ring of fire
 R - a +4 ring of protection
 T - the ring of Wyikkegu (left hand) {Will++ Dex+6 SInv Stlth-}
   (You bought it in a shop on level 3 of the Dungeon)

   [ring of dexterity]

   Dex:       It affects your dexterity (+6).
   SInv:      It lets you see invisible.
   Will:      It greatly increases your willpower.
   Stlth:     It makes you less stealthy.
 Y - a ring of poison resistance
Wands
 k - a wand of acid (9)
 t - a wand of flame (37)
 D - a wand of roots (11)
 P - a wand of charming (16)
 W - a wand of digging (4)
Scrolls
 b - 2 scrolls of enchant weapon
 h - a scroll of acquirement
 l - 2 scrolls of teleportation
 n - a scroll of magic mapping
 r - 2 scrolls of fear
 s - a scroll of brand weapon
 v - 6 scrolls of fog
 x - a scroll of silence
 C - 2 scrolls of poison
 H - 3 scrolls of blinking
 I - 4 scrolls of vulnerability
 J - a scroll of immolation
 K - a scroll of torment
Potions
 c - a potion of might
 m - 2 potions of magic
 o - 9 potions of curing
 z - 5 potions of lignification
 B - a potion of resistance
 E - 2 potions of flight
 F - 6 potions of attraction
 L - 3 potions of mutation
 S - 2 potions of haste
 X - a potion of cancellation
Miscellaneous
 a - a phial of floods
 y - a lightning rod (4/4)


   Skills:
 - Level 14.0 Fighting
 - Level 20.0 Axes
 - Level 12.0 Armour
 - Level 3.2 Shields
 + Level 16.9 Invocations


You had 13 spell levels left.
You didn't know any spells.
Your spell library contained the following spells:

 Spells                   Type           Power      Damage    Failure   Level
 Foxfire                  Conj/Fire      0%         2x1d4     65%         1
 Magic Dart               Conj           0%         1d3       65%         1
 Necrotise                Necr           0%         1d4       65%         1
 Call Imp                 Summ           0%         N/A       78%         2
 Conjure Flame            Conj/Fire      0%         6-21      95%         3
 Gell's Gravitas          Tloc           0%         N/A       95%         3
 Inner Flame              Hex/Fire       0%         N/A       95%         3
 Lesser Beckoning         Tloc           0%         N/A       95%         3
 Mephitic Cloud           Conj/Pois/Air  0%         N/A       95%         3
 Teleport Other           Tloc           0%         N/A       95%         3
 Vampiric Draining        Necr           0%         2d6       95%         3
 Animate Dead             Necr           0%         N/A       100%        4
 Flame Wave               Conj/Fire      0%         2d4       100%        4
 Agony                    Necr           0%         N/A       100%        5
 Borgnjor's Vile Clutch   Necr/Erth      0%         N/A       100%        5
 Death Channel            Necr           0%         N/A       100%        6
 Haunt                    Necr/Summ      0%         N/A       100%        7
 Infestation              Necr           0%         N/A       100%        8


Dungeon Overview and Level Annotations

Branches:
Dungeon (15/15)            Temple (1/1) D:7            Lair (0/5) D:11
    Orc (0/2) D:11         Vaults (0/5) D:14        Ossuary (visited)
 Bailey (visited)
 Depths: D:15

Altars:
Ashenzari
Cheibriados
Dithmenos
Elyvilon
Fedhas
Gozag
Hepliaklqana
Kikubaaqudgha
Makhleb
Nemelex Xobeh
Okawaru
Qazlal
Ru
Sif Muna
Trog
Uskayaw
Vehumet
Wu Jian
Xom
Yredelemnul
Zin
The Shining One

Shops:
D:3 =   D:6 [   D:7 [   D:9 =   D:14 ?


Message History

An ettin comes into view.
It is wielding a +0 dire flail and a +0 great mace.
The ettin shouts in stereo!
A deep elf zephyrmancer comes into view.
It is wielding a +0 long sword.
The deep elf zephyrmancer shouts!
You hear a shout!
The necromancer casts a spell at you. You resist with almost no effort.
The deep elf zephyrmancer moves out of view.
You slice the necromancer!! You burn the necromancer.
The necromancer is severely wounded.
The necromancer hits you but does no damage.
A necromancer comes into view. It is wielding a +0 dagger.
You slice the necromancer!! You burn the necromancer.
You kill the necromancer!
Makhleb accepts your kill.
The deep elf zephyrmancer casts a spell at you.
The bolt of lightning hits you!
The ettin hits you with a +0 dire flail!!
The ettin hits you with a +0 great mace!
Things that are here:
a +0 dagger; a +0 robe You are too injured to fight recklessly!
Unknown command.
You slice the ettin!! You burn the ettin!
The ettin is heavily wounded.
You slash the deep elf zephyrmancer! You burn the deep elf zephyrmancer.
Unknown command.
You hit the ettin. You burn the ettin.
The ettin is severely wounded.
You closely miss the deep elf zephyrmancer.
The ettin hits you with a +0 dire flail!
* * * LOW HITPOINT WARNING * * *
The ettin completely misses you.
The deep elf zephyrmancer hits you but does no damage.
You slash the ettin! You burn the ettin.
The ettin is almost dead.
You slash the deep elf zephyrmancer! You burn the deep elf zephyrmancer.
The ettin hits you with a +0 dire flail!!!
* * * LOW HITPOINT WARNING * * *
The ettin hits you with a +0 great mace!!
You die...

.# #.. .. ... .. ###
..# ..# ...
####p####.## # #..###
....#..⌠#.. .###
#..#.. #..}C.#.##....
...#.. #.e@#...#
#..#.. #..#.#.#.##
#..#.. #.....#...#
#..#..
#####.#...#######..#.)
#.#...#......<[#.)
######..##...#)#..
............###)##'
.#....####### #.)..
#.### ####.


You could see an ettin, a necromancer and a deep elf zephyrmancer.

Vanquished Creatures
  Jorgrun (D:13)
  Louise (D:15)
  Nessos (D:14)
  Azrael (D:14)
  2 fire dragons
  Josephine (D:13)
  The ghost of mongooserunner the Marksminotaur, a journeyman MiHu of the Shining One (D:12)
  A boulder beetle (D:12)
  2 ogre magi
  Erolcha (D:9)
  5 hydras
  2 centaur warriors
  10 two-headed ogres
  A catoblepas (D:13)
  Erica (D:8)
  Urug (D:14)
  A hell knight (D:15)
  8 skeletal warriors (D:13)
  Lodul (D:13)
  A necromancer (D:15)
  A deep elf pyromancer (D:12)
  14 ugly things
  12 cyclopes
  Joseph (D:8)
  2 gargoyles
  A komodo dragon (D:11)
  2 unseen horrors
  A kobold demonologist (D:11)
  3 meliai
  3 trolls
  17 slime creatures
  Prince Ribbit (D:8)
  A vampire (Bailey)
  5 wraiths (D:13)
  16 humans
  9 yaks (D:10)
  A basilisk (D:13)
  4 fire elementals (D:14)
  A steam dragon (D:9)
  6 vampire mosquitoes (D:14)
  2 hell hounds (D:14)
  3 orc warriors
  2 water moccasins
  A sky beast (D:6)
  A black bear (D:5)
  19 ogres
  5 boggarts
  6 centaurs
  3 kobold brigands
  6 bullfrogs
  2 necrophages
  6 killer bees
  6 vampire bats (Bailey)
  10 wolf zombies (Bailey)
  5 howler monkeys
  3 hounds
  2 gnoll boudas
  2 orc priests
  Ijyb (D:3)
  Natasha (thrice) (D:2)
  2 iguanas (D:4)
  5 orc wizards
  A mummy (Ossuary)
  9 gnolls
  9 adders
  2 shadow imps
  2 white imps
  An ufetubus (D:4)
  3 worms
  4 dart slugs
  36 orcs
  4 spectral bats (Ossuary)
  7 bats
  9 endoplasms
  A giant cockroach (D:4)
  9 goblins
  7 hobgoblins
  7 jackals (D:3)
  A quokka (D:1)
  3 ball pythons
  4 bat simulacra (Ossuary)
  A frilled lizard (D:1)
  12 gnoll zombies (Ossuary)
  2 goblin simulacra (Ossuary)
  4 goblin zombies (Ossuary)
  4 hobgoblin zombies (Ossuary)
  13 kobolds
  3 kobold simulacra (Ossuary)
  6 kobold zombies (Ossuary)
  21 orc zombies
  7 rats
  4 rat simulacra (Ossuary)
  A spectral goblin (Ossuary)
  5 spectral kobolds (Ossuary)
  4 spectral rats (Ossuary)
  A butterfly (D:7)
446 creatures vanquished.

Vanquished Creatures (others)
  62 plants (D:15)
62 creatures vanquished.

Grand Total: 508 creatures vanquished

Notes
Turn   | Place    | Note
-------+----------+-------------------------------------------
     0 | D:1      | cdecastro the Hill Orc Fighter began the quest for the Orb.
     0 | D:1      | Reached XP level 1. HP: 19/19 MP: 1/1
   215 | D:1      | Reached skill level 3 in Axes
   224 | D:1      | Reached XP level 2. HP: 18/26 MP: 2/2
   497 | D:1      | Reached skill level 4 in Axes
   763 | D:1      | Reached XP level 3. HP: 31/31 MP: 3/3
   825 | D:1      | Found a faded altar of an unknown god.
  1251 | D:2      | Noticed Natasha
  1261 | D:2      | Killed Natasha
  1262 | D:2      | Reached skill level 5 in Axes
  1272 | D:2      | Reached XP level 4. HP: 39/39 MP: 4/4
  1543 | D:2      | Noticed Natasha
  1555 | D:2      | Killed Natasha
  1556 | D:2      | Reached skill level 6 in Axes
  1571 | D:2      | Noticed Natasha
  1581 | D:2      | Killed Natasha
  1649 | D:3      | Reached XP level 5. HP: 45/45 MP: 5/5
  1781 | D:3      | Found Japsul's One-of-a-Kind Rings.
  1886 | D:3      | Reached skill level 7 in Axes
  2147 | D:3      | Noticed Ijyb
  2164 | D:3      | Killed Ijyb
  2359 | D:3      | Identified the +4 dagger of Mom Arij {vorpal, rCorr}
  2540 | D:4      | Reached skill level 8 in Axes
  2540 | D:4      | Reached XP level 6. HP: 42/51 MP: 6/6
  2834 | D:4      | Reached skill level 9 in Axes
  3145 | D:4      | Noticed a black bear
  3226 | D:5      | Entered Level 5 of the Dungeon
  3451 | D:5      | Reached skill level 10 in Axes
  3451 | D:5      | Reached XP level 7. HP: 58/58 MP: 7/7
  3713 | D:5      | Reached skill level 5 in Fighting
  4255 | D:5      | Reached XP level 8. HP: 41/71 MP: 8/8
  4792 | D:6      | Found a sand-covered staircase.
  5016 | Ossuary  | Entered an ossuary
  5649 | D:6      | Found Istitiuh's Antique Armour Emporium.
  6471 | D:7      | Found Kaklaeji's Antique Armour Emporium.
  6510 | D:7      | Reached skill level 10 in Fighting
  6588 | D:7      | Found a staircase to the Ecumenical Temple.
  6597 | Temple   | Entered the Ecumenical Temple
  6753 | Temple   | Became a worshipper of Makhleb the Destroyer
  6848 | D:7      | Reached XP level 9. HP: 80/85 MP: 9/9
  6858 | D:7      | Reached skill level 11 in Axes
  7575 | D:7      | Found a blossoming altar of Fedhas.
  7575 | D:7      | Found an iron altar of Okawaru.
  7578 | D:7      | Found a sparkling altar of Nemelex Xobeh.
  7586 | D:7      | Found a white marble altar of Elyvilon.
  7586 | D:7      | Found a shimmering blue altar of Sif Muna.
  7590 | D:7      | Found a bloodstained altar of Trog.
  7594 | D:7      | Found a snail-covered altar of Cheibriados.
  7843 | D:7      | Bought a pair of warped boots for 294 gold pieces
  7843 | D:7      | Identified the +1 pair of boots "Oruhoq" {rF- rCorr Int+6}
                  | (You bought it in a shop on level 7 of the Dungeon)
  7851 | D:8      | Noticed Joseph
  7857 | D:8      | Reached skill level 12 in Axes
  8008 | D:8      | Killed Joseph
  8196 | D:8      | Reached skill level 13 in Axes
  8204 | D:8      | Reached * piety under Makhleb
  8539 | D:8      | Noticed Erica
  8540 | D:8      | Noticed Prince Ribbit
  8671 | D:8      | Killed Prince Ribbit
  8672 | D:8      | Reached skill level 14 in Axes
  8793 | D:9      | Found a basalt altar of Yredelemnul.
  8850 | D:9      | Noticed a two-headed ogre
  8930 | D:9      | Killed a two-headed ogre
  8931 | D:9      | Reached skill level 5 in Armour
  8931 | D:9      | Reached XP level 10. HP: 85/93 MP: 10/10
  9025 | D:9      | Reached skill level 15 in Axes
  9031 | D:9      | Noticed Erolcha
  9132 | D:10     | Entered Level 10 of the Dungeon
  9209 | D:10     | Reached skill level 16 in Axes
  9237 | D:10     | Noticed a gargoyle
  9267 | D:10     | Reached skill level 5 in Invocations
  9276 | D:10     | Killed a gargoyle
  9431 | D:10     | Found a flagged portal.
  9461 | Bailey   | Entered a bailey
  9571 | Bailey   | Reached ** piety under Makhleb
  9708 | Bailey   | Reached skill level 17 in Axes
  9768 | Bailey   | Identified the +5 ring mail "Eczoed" {rElec Regen+}
  9836 | Bailey   | Noticed a gargoyle
  9842 | Bailey   | Killed a gargoyle
  9843 | Bailey   | Reached XP level 11. HP: 95/99 MP: 14/14
 10620 | D:11     | Noticed a two-headed ogre
 10648 | D:11     | Found a staircase to the Orcish Mines.
 10664 | D:11     | Reached skill level 18 in Axes
 10667 | D:11     | Killed a two-headed ogre
 10792 | D:11     | Noticed a green ugly thing
 10802 | D:11     | Killed a green ugly thing
 10988 | D:11     | Noticed a green ugly thing
 11000 | D:11     | Killed a green ugly thing
 11089 | D:11     | Noticed a cyclops
 11100 | D:11     | Killed a cyclops
 11254 | D:11     | Found a staircase to the Lair.
 11358 | D:11     | Noticed a sixfirhy
 11467 | D:11     | Noticed a cyclops
 11474 | D:11     | Killed a cyclops
 11724 | D:12     | Noticed a two-headed ogre
 11736 | D:12     | Killed a two-headed ogre
 11890 | D:12     | Found a large runed translucent door.
 11893 | D:12     | Found a large runed translucent door.
 11893 | D:12     | Noticed mongooserunner's ghost (journeyman MiHu)
 11929 | D:12     | Noticed a cyclops
 11938 | D:12     | Killed a cyclops
 12025 | D:11     | Reached *** piety under Makhleb
 12083 | D:12     | Noticed a boulder beetle
 12083 | D:12     | Noticed a deep elf pyromancer
 12094 | D:12     | Killed a deep elf pyromancer
 12095 | D:12     | Reached skill level 10 in Armour
 12111 | D:12     | Killed a boulder beetle
 12353 | D:12     | Reached XP level 12. HP: 106/106 MP: 15/15
 12483 | D:12     | Reached skill level 19 in Axes
 13029 | D:13     | Noticed a centaur warrior
 13043 | D:13     | Killed a centaur warrior
 13096 | D:13     | Noticed a five-headed hydra
 13125 | D:12     | Reached skill level 20 in Axes
 13287 | D:13     | Noticed Lodul
 13624 | D:13     | Killed Lodul
 13834 | D:13     | Noticed Josephine
 13835 | D:13     | Noticed an eight-headed hydra
 13948 | D:13     | Noticed Jorgrun
 13960 | D:13     | Killed a two-headed hydra
 14006 | D:14     | Noticed a two-headed ogre
 14006 | D:14     | Noticed Nessos
 14006 | D:14     | Noticed a fire dragon
 14006 | D:14     | Noticed Urug
 14006 | D:14     | Found a gate to the Vaults.
 14061 | D:13     | Killed Josephine
 14062 | D:13     | Reached skill level 10 in Invocations
 14159 | D:13     | Reached XP level 13. HP: 52/116 MP: 20/20
 14880 | D:3      | Bought the ring of Wyikkegu {Will++ Dex+6 SInv Stlth-} for
                  | 598 gold pieces
 15036 | D:8      | Killed Erica
 15260 | D:9      | Killed Erolcha
 15350 | D:9      | Found Qasicidufe's Jewellery Emporium.
 15528 | D:9      | Found a glowing silver altar of Zin.
 15642 | D:12     | Killed mongooserunner's ghost
 15902 | D:13     | Reached **** piety under Makhleb
 16106 | D:13     | Killed Jorgrun
 16168 | D:13     | Identified 2 scrolls of acquirement
 16168 | D:13     | Acquired a +2 executioner's axe of draining
 16666 | D:14     | Found Vipuv's Magic Scroll Emporium.
 17815 | D:14     | Reached XP level 14. HP: 122/126 MP: 24/24
 17827 | D:14     | Killed Urug
 18037 | D:13     | Reached skill level 15 in Invocations
 18740 | D:14     | Killed Nessos
 18917 | D:14     | Bought a scroll of identify for 26 gold pieces
 18954 | D:14     | Noticed Azrael
 18968 | D:14     | Killed Azrael
 18971 | D:14     | HP: 6/127 [fire elemental[Azrael] (3)]
 19692 | D:15     | Entered Level 15 of the Dungeon
 20038 | D:15     | Noticed Louise
 20042 | D:15     | HP: 1/130 [meliai/divine providence (13)]
 20429 | D:15     | Killed Louise
 21103 | D:15     | Slain by an ettin

Illustrated notes

Levels and vault maps discovered:
D:1:      minmay_arrival_diagonal_passages, layout_basic,
          chequers_ecumenical_altar_lobes, minmay_misc_feat_secret_circle,
          minmay_stone_trees_small, kennysheep_flooded_box, minmay_surrounded
D:2:      layout_loops_cross, uniq_natasha
D:3:      layout_loops_ring, corexii_item_surrounded_by_moat,
          nicolae_shop_unique_rings, chequers_serial_rivers_large_a, uniq_ijyb
D:4:      nicolae_cairo_tiling_large_dashed, layout_rooms
D:5:      layout_cave_pools
D:6:      nicolae_BIG_FREAKIN_CUBE, layout_rooms,
          lightli_ossuary_entry_decrepit_ruins, serial_shops, nicolae_shop_stone
D:7:      layout_gridville, nicolae_overflow_hallway_of_the_gods,
          minmay_temple_entry_butterflies, serial_shops, shop_fountains
D:8:      layout_rooms, serial_demonic, serial_demonic_d, serial_demonic_d,
          serial_demonic_b, serial_demonic_g, uniq_prince_ribbit1, uniq_erica,
          uniq_joseph
D:9:      layout_cave_pools, mainiacjoe_overflow_brackets, zin_scriptorium,
          serial_shops, nicolae_shop_hallway_plus, uniq_erolcha
D:10:     layout_roguey, enter_bailey_4, lemuel_flamethrower_1
D:11:     layout_loops_ring, lair_entry_dummy, david_orc_2
D:12:     layout_loops_ring, ebering_ghost_disaster_area
D:13:     layout_stronghold, uniq_lodul, uniq_jorgrun, uniq_josephine
D:14:     layout_cave_pools, david_vaults_3, serial_shops,
          nicolae_stop_n_shop_1, corexii_leaking_fountain, uniq_azrael,
          uniq_nessos
D:15:     hangedman_depths_entry_civil_slaughter, layout_rooms, minivault_25,
          serial_bayou, serial_bayou_pond_d, serial_bayou_lagoon_a,
          serial_bayou_pond_d, serial_bayou_shore_b, uniq_louise
Temple:   hellmonk_temple_forest_ring

Skill      XL: |  1  2  3  4  5  6  7  8  9 10 11 12 13 14 |
---------------+-------------------------------------------+-----
Axes           | 3 4 5 6 8 10 14 17 18 20 | 20.0
Fighting       | 6 10 11 12 14 | 14.0
Armour         | 5 10 12 | 12.0
Invocations    | 5 10 14 16 | 16.9
Shields        | |  3.2

Action                   |  1- 3 |  4- 6 |  7- 9 | 10-12 | 13-15 || total
-------------------------+-------+-------+-------+-------+-------++-------
Melee: War axe           |    64 |   193 |   464 |   439 |    70 ||  1230
       Punch             |       |     3 |     4 |     3 |       ||    10
       Battleaxe         |       |       |       |       |   315 ||   315
Throw: Dart              |       |       |     4 |     1 |       ||     5
Invok: Major Destruction |       |       |       |       |     3 ||     3
Evoke: Wand              |       |       |       |       |     2 ||     2
  Use: Scroll            |       |       |    12 |     5 |    16 ||    33
       Potion            |       |       |     1 |     2 |     5 ||     8
Armor: Scale mail        |    37 |    65 |    90 |    69 |   237 ||   498
       Plate armour      |       |       |   126 |    79 |       ||   205
       Ring mail         |       |       |       |     4 |       ||     4
Dodge: Dodged            |    58 |   126 |   275 |   179 |   179 ||   817
